 Dungeon Crawl Stone Soup version 0.29.0-5-ge4962eb29e (webtiles) character file.

Game seed: 5371560540325133142

5 mtoz the Magician (level 1, 10/10 HPs)
             Began as a Deep Elf Hedge Wizard on Aug 29, 2022.
             Quit the game on level 1 of the Dungeon.
             The game lasted 00:01:52 (208 turns).

mtoz the Magician (Deep Elf Hedge Wizard)            Turns: 208, Time: 00:01:52

Health: 10/10      AC:  2    Str:  7    XL:     1   Next: 66%
Magic:  8/8        EV: 12    Int: 18    God:
Gold:   6          SH:  0    Dex: 14    Spells: 8/9 levels left

rFire   . . .      SeeInvis .   a - +0 dagger
rCold   . . .      Faith    .   (no shield)
rNeg    . . .      Spirit   .   b - +0 robe
rPois   .          Reflect  .   c - +0 hat
rElec   .          Harm     .   (no cloak)
rCorr   .          Rampage  .   (no gloves)
Will    .....                   (no boots)
Stlth   ++........              (no amulet)
HPRegen 0.03/turn               (no ring)
MPRegen 0.11/turn               (no ring)

@: no status effects
A: no striking features
a: no special abilities


You were on level 1 of the Dungeon.
You visited 1 branch of the dungeon, and saw 1 of its levels.

You collected 6 gold pieces.

Inventory:

Hand Weapons
 a - a +0 dagger (weapon)
Armour
 b - a +0 robe (worn)
 c - a +0 hat (worn)
Potions
 d - a potion of magic


   Skills:
 + Level 2.5 Dodging
 + Level 2.6 Stealth
 + Level 4.5 Spellcasting
 + Level 1.2 Conjurations
 + Level 1.2 Summonings
 + Level 1.2 Translocations


You had 8 spell levels left.
You knew the following spells:

 Your Spells              Type           Power      Damage    Failure   Level
a - Magic Dart            Conj           32%        1d4       9%          1

Your spell library contained the following spells:

 Spells                   Type           Power      Damage    Failure   Level
 Blink                    Tloc           16%        N/A       13%         2
 Call Imp                 Summ           8%         N/A       13%         2
 Slow                     Hex            16%        N/A       14%         1
 Conjure Flame            Conj/Fire      6%         6-21      32%         3
 Mephitic Cloud           Conj/Pois/Air  5%         N/A       34%         3


Dungeon Overview and Level Annotations

Branches:
Dungeon (1/15)

Altars:

Shops:
D:1 (


Message History

A kobold comes into view. It is wielding a +0 dagger.
The magic dart hits the kobold.
The kobold is moderately wounded.
The kobold shouts!
The magic dart hits the kobold.
You kill the kobold!
You can't see any susceptible monsters within range! (Use Z to cast anyway.)
Casting: Magic Dart (safe; 9% risk of failure)
Confirm with . or Enter, or press ? or * to list all spells.
Okay, then.
A goblin comes into view. It is wielding a +0 club.
The magic dart hits the goblin.
You kill the goblin!
A kobold comes into view. It is wielding a +3 vorpal long sword.
The magic dart hits the kobold but does no damage.
A kobold is nearby!
The magic dart hits the kobold.
You kill the kobold!
A ball python comes into view.
You miscast Magic Dart.
You are very lightly contaminated with residual magic.
Nothing appears to happen.
The ball python hisses angrily.
The magic dart hits the ball python.
The ball python is severely wounded.
The magic dart hits the ball python.
You kill the ball python!
Your magical contamination has completely faded away.
Things that are here:
a +0 dagger; a kobold corpse
Things that are here:
a +3 vorpal long sword; a kobold corpse
Found a dagger.
Found Giogoss's Antique Weapon Shop.
You see here a +0 club.
You see here a +0 dagger.
There is an entrance to Giogoss's Antique Weapon Shop here.
Unknown command.
Are you sure you want to abandon this character and quit the game? (Confirm with "yes".)
Okay, then.
Are you sure you want to abandon this character and quit the game? (Confirm with "yes".)

....# #.... ...#
#.... ...#####
+.... .......
#.... .....
#.... ##..#
#.... ###..#####
#....##...@....#
#).)#......#
#.###......# #)#
#......# #)#
#......# #.#
######## ##.#
##..######
###........#


There were no monsters in sight!

Vanquished Creatures
  A ball python (D:1)
  A goblin (D:1)
  3 kobolds (D:1)
  A rat (D:1)
6 creatures vanquished.

Notes
Turn   | Place    | Note
-------+----------+-------------------------------------------
     0 | D:1      | mtoz the Deep Elf Hedge Wizard began the quest for the Orb.
     0 | D:1      | Reached XP level 1. HP: 10/10 MP: 7/7
   200 | D:1      | Found Giogoss's Antique Weapon Shop.
   208 | D:1      | Quit the game

Illustrated notes

Levels and vault maps discovered:
D:1:      minmay_arrival_split_and_join, layout_basic,
          dilly_ecumenical_altar_fadedgnrine, serial_shops, shop

Action                   || total
-------------------------++-------
 Cast: Magic Dart        ||    10
